 Dungeon Crawl Stone Soup version 0.30-a0-242-g7bf8e6d787 (webtiles) character file.

Game seed: 14005887621237340511

56 gelatine the Conjurer (level 3, -3/27 HPs)
             Began as a Demonspawn Reaver on Oct 11, 2022.
             Slain by a gnoll
             ... wielding a +0 halberd
              (12 damage)
             ... on level 2 of the Dungeon.
             The game lasted 00:02:23 (892 turns).

gelatine the Conjurer (Demonspawn Reaver)            Turns: 892, Time: 00:02:23

Health: -3/27      AC:  7    Str: 14    XL:     3   Next: 69%
Magic:  6/6        EV: 11    Int: 14    God:
Gold:   68         SH:  4    Dex: 11    Spells: 5/6 levels left

rFire   . . .      SeeInvis .    a - +0 hand axe
rCold   . . .      Faith    .    (no shield)
rNeg    . . .      Spirit   .    b - +0 leather armour
rPois   .          Reflect  .    (helmet restricted)
rElec   .          Harm     .    (no cloak)
rCorr   .          Rampage  .    (no gloves)
Will    .....                    (no boots)
Stlth   +.........               (no amulet)
HPRegen 0.24/turn                d - +4 ring of protection
MPRegen 0.10/turn                (no ring)

@: no status effects
A: horns 1, large bone plates 1
a: no special abilities


You were on level 2 of the Dungeon.
You visited 1 branch of the dungeon, and saw 2 of its levels.

You collected 68 gold pieces.

Inventory:

Hand Weapons
 a - a +0 hand axe (weapon)
Missiles
 f - 2 poisoned darts
Armour
 b - a +0 leather armour (worn)
Jewellery
 d - a +4 ring of protection (left hand)
 g - an amulet of magic regeneration
Scrolls
 c - a scroll of fear {unknown}
 e - a scroll of brand weapon {unknown}
 h - a scroll of enchant weapon {unknown}


   Skills:
 * Level 2.2 Fighting
 + Level 3.0 Axes
 * Level 0.3 Throwing
 * Level 1.1 Armour
 * Level 2.3 Dodging
 * Level 1.0 Stealth
 + Level 2.0 Spellcasting
 + Level 3.1 Conjurations


You had 5 spell levels left.
You knew the following spells:

 Your Spells              Type           Power      Damage    Failure   Level
a - Kiss of Death         Conj/Necr      20%        2d7       16%         1

Your spell library contained the following spells:

 Spells                   Type           Power      Damage    Failure   Level
 Momentum Strike          Conj/Tloc      10%        3d8       22%         2
 Hailstorm                Conj/Ice       5%         3d4       41%         3
 Conjure Ball Lightning   Conj/Air       2%         3x3d6     100%        6
 Discord                  Hex            0%         N/A       100%        8
 Disjunction              Tloc           0%         N/A       100%        8


Dungeon Overview and Level Annotations

Branches:
Dungeon (2/15)

Altars:


Innate Abilities, Weirdness & Mutations

You have a pair of small horns on your head.
You are partially covered in large bone plates. (SH +4)


Message History

The gnoll shouts!
The gnoll closely misses you.
You closely miss the gnoll. You headbutt the gnoll.
The gnoll is moderately wounded.
A gnoll comes into view. It is wielding a +0 halberd.
The gnoll hits you but does no damage.
The gnoll shouts!
You hit the gnoll but do no damage.
The gnoll is moderately wounded.
Found a stone staircase leading down.
The gnoll hits you but does no damage. The gnoll closely misses you.
A worm comes into view.
The gnoll completely misses you.
A gnoll comes into view. It is wielding a +0 whip.
The gnoll hits you from afar with a +0 spear.
The gnoll shouts!
You hit the gnoll.
The gnoll is heavily wounded.
You closely miss the gnoll. You block the gnoll's attack.
The gnoll barely misses you. The gnoll hits you with a +0 halberd!
The gnoll closely misses you.
The gnoll hits you from afar with a +0 spear.
The gnoll hits you but does no damage.
You closely miss the gnoll. You barely miss the gnoll.
The gnoll completely misses you. The gnoll misses you.
The gnoll closely misses you.
You barely miss the gnoll. You closely miss the gnoll.
The gnoll hits you but does no damage. You block the gnoll's attack.
The gnoll closely misses you.
You hit the gnoll. Your headbutt misses the gnoll.
The gnoll is moderately wounded.
You hit the gnoll. The gnoll closely misses you.
The gnoll hits you with a +0 halberd!
* * * LOW HITPOINT WARNING * * *
The gnoll misses you.
You hit the gnoll. Your headbutt misses the gnoll.
The gnoll is heavily wounded.
You closely miss the gnoll. The gnoll closely misses you.
The gnoll hits you with a +0 halberd!
You die...

...........
...........
........... .
........... >.
..)........ ..
..........### ..
##....... ..# .#
##....... #.# ####g.#
.........##.# #.@gwg#
#.......>##.###g###.#
#........ #.....#
#.####.####....##
.............#.......
.............[.......
#....................
#...........##.......
.....................


You could see a worm and 4 gnolls.

Vanquished Creatures
  An adder (D:2)
  3 worms (D:2)
  3 ball pythons
  4 endoplasms
  A giant cockroach (D:1)
  A goblin (D:1)
  5 hobgoblins (D:1)
  4 jackals (D:1)
  2 quokkas (D:1)
  2 bats
  2 frilled lizards (D:1)
  4 kobolds
  2 rats (D:1)
34 creatures vanquished.

Notes
Turn   | Place    | Note
-------+----------+-------------------------------------------
     0 | D:1      | gelatine the Demonspawn Reaver began the quest for the Orb.
     0 | D:1      | Reached XP level 1. HP: 16/16 MP: 3/3
   227 | D:1      | Gained mutation: You have a pair of small horns on your
                  | head. [demonic ancestry]
   227 | D:1      | Reached XP level 2. HP: 22/22 MP: 5/5
   394 | D:1      | Reached skill level 1 in Armour
   718 | D:2      | Gained mutation: You are partially covered in large bone
                  | plates. (SH +4) [demonic ancestry]
   718 | D:2      | Reached XP level 3. HP: 23/27 MP: 6/6
   800 | D:2      | Reached skill level 1 in Stealth
   892 | D:2      | Slain by a gnoll

Illustrated notes

Levels and vault maps discovered:
D:1:      onia_arrival_mini_spirals, layout_loops_ring
D:2:      layout_rooms

Skill      XL: |  1  2  3 |
---------------+----------+-----
Dodging        | 2 |  2.3
Axes           | 3 |  3.0
Armour         | 1 |  1.1
Stealth        | 1 |  1.0
Fighting       | |  2.2
Throwing       | |  0.3
Spellcasting   | |  2.0
Conjurations   | |  3.1

Action                   || total
-------------------------++-------
Melee: Hand axe          ||   107
       Punch             ||     2
       Headbutt          ||    13
Armor: Leather armour    ||    39
Dodge: Dodged            ||    59
Block: Other             ||    11

Table legend: (Time is in decaauts)
 A = Elapsed time spent in this place.
 B = Non-inter-level travel time spent in this place.
 C = Inter-level travel time spent in this place.
 D = Time resting spent in this place.
 E = Time spent auto-exploring this place.
 F = Levels seen in this place.
 G = Mean time per level.
                   A        B        C        D        E       F      G
               +--------+--------+--------+--------+--------+-----+--------+
         Total |    907 |    879 |     28 |      0 |    604 |   2 |  453.5 |
       Dungeon |    907 |    879 |     28 |      0 |    604 |   2 |  453.5 |
               +--------+--------+--------+--------+--------+-----+--------+

Top non-repeatable levels by time:
     D:1: 724 daAuts
     D:2: 183 daAuts
